 Dungeon Crawl Stone Soup version 0.19-a0-1513-gf6d23ed (webtiles) character file.

252 Kidiri the Magician (level 5, 0/25 HPs)
             Began as a Deep Elf Fire Elementalist on Sept 12, 2016.
             Slain by Grinder (1 damage)
             ... on level 3 of the Dungeon.
             The game lasted 00:08:41 (3358 turns).

Kidiri the Magician (Deep Elf Fire Elementalist)    Turns: 3358, Time: 00:08:42

Health: 0/25       AC:  2    Str:  5    XL:     5   Next: 89%
Magic:  5/15       EV: 13    Int: 21    God:
Gold:   154        SH:  0    Dex: 15    Spells: 5 memorised, 3 levels left

rFire  . . .     SeeInvis .     e - +2 dagger (drain)
rCold  . . .     Gourm    .     a - +0 robe
rNeg   . . .     Faith    .     (no shield)
rPois  .         Spirit   .     (helmet restricted)
rElec  .         Dismiss  .     (no cloak)
rCorr  .         Reflect  .     (no gloves)
MR     .....     Harm     .     (no boots)
Stlth  +++.......               (no amulet)
                                (no ring)
                                d - ring of stealth

@: no status effects
A: antennae 1, frail 1
a: no special abilities


You were on level 3 of the Dungeon.
You were not hungry.

You visited 1 branch of the dungeon, and saw 3 of its levels.

You collected 154 gold pieces.

Inventory:

Hand Weapons
 e - a +2 dagger of draining (weapon)
Armour
 a - a +0 robe (worn)
Jewellery
 d - a ring of stealth (left hand)
Potions
 g - a potion of lignification
 i - 2 potions of haste
 l - a potion of cure mutation {unknown}
Books
 b - a book of Flames

   Spells                             Type                      Level
   a - Flame Tongue                   Conjuration/Fire             1
   b - Throw Flame                    Conjuration/Fire             2
   c - Conjure Flame                  Conjuration/Fire             3
   d - Inner Flame                    Hexes/Fire                   3
   e - Sticky Flame                   Conjuration/Fire             4
   f - Fireball                       Conjuration/Fire             5
Comestibles
 c - 2 bread rations
 h - 22 chunks of flesh


   Skills:
 - Level 2.4 Dodging
 - Level 2.4 Stealth
 * Level 6.2 Spellcasting
 + Level 3.1 Conjurations
 + Level 4.7 Fire Magic


You had 3 spell levels left.
You knew the following spells:

 Your Spells              Type           Power        Failure   Level  Hunger
a - Flame Tongue          Conj/Fire      ###..        1%          1    None
b - Throw Flame           Conj/Fire      ###...       2%          2    None
c - Conjure Flame         Conj/Fire      ###.....     6%          3    #......
d - Inner Flame           Hex/Fire       ###.....     14%         3    #......
e - Sticky Flame          Conj/Fire      ###.....     21%         4    ###....


Dungeon Overview and Level Annotations

Branches:
Dungeon (3/15)

Altars:

Annotations:
D:3 Grinder, Robin


Innate Abilities, Weirdness & Mutations

You have a pair of small antennae on your head.
You are frail. (-10% HP)


Message History

You sense a monster nearby.
You start resting.
Unknown command.
Okay, then.
Unknown command.
You start resting.
Unknown command.
Items here: ( ))))) รท You feel much better.
You start resting.
Grinder gestures at you. Pain shoots through your body!
Found a scroll labeled DEUTUI AR NOPH.
Unknown command.
You start resting.
Grinder drinks a potion.
Grinder seems to grow stronger.
Grinder hits you!
Ouch! That really hurt!
* * * LOW HITPOINT WARNING * * *
You writhe in agony.
You die...

.. #.# # ... ? #.#.#
#.#.# ####.#.## #
...###.......#
..........@.....#
#....###5##.#.##
#.............#
##....###.##.###
......###.##.#
...........))####
##...#.##.##.##.####
# ... #.
#.##.##..... .. # #.
#.##.##..###...


You could see Grinder.

Vanquished Creatures
  Natasha (thrice) (D:3)
  A worker ant (D:3)
  7 adders
  An ooze (D:1)
  4 worms (D:2)
  2 dart slugs
  3 giant geckos
  An orc (D:3)
  2 giant cockroaches
  14 goblins
  7 hobgoblins
  3 jackals (D:3)
  12 kobolds
  A quokka (D:3)
  A ball python (D:3)
  5 bats
  4 giant newts
  4 rats
75 creatures vanquished.

Notes
Turn   | Place    | Note
-------+----------+-------------------------------------------
     0 | D:1      | Kidiri the Deep Elf Fire Elementalist began the quest for the Orb.
     0 | D:1      | Reached XP level 1. HP: 10/10 MP: 6/6
   182 | D:1      | Reached XP level 2. HP: 15/15 MP: 2/8
   289 | D:1      | Learned a level 2 spell: Throw Flame
   619 | D:1      | Reached skill level 4 in Spellcasting
   840 | D:2      | Reached XP level 3. HP: 19/19 MP: 3/10
  1064 | D:1      | Learned a level 3 spell: Conjure Flame
  1068 | D:1      | Learned a level 3 spell: Inner Flame
  2015 | D:2      | Reached XP level 4. HP: 24/24 MP: 7/12
  2454 | D:2      | Reached skill level 5 in Spellcasting
  2488 | D:2      | Learned a level 4 spell: Sticky Flame
  2546 | D:2      | Gained mutation: You are weak. (Str -2) [potion of mutation]
  2546 | D:2      | Lost mutation: You are weak. (Str -2) [potion of mutation]
  2546 | D:2      | Gained mutation: You are agile. (Dex +2) [potion of mutation]
  2547 | D:2      | Lost mutation: You are agile. (Dex +2) [potion of mutation]
  2547 | D:2      | Gained mutation: You are frail. (-10% HP) [potion of mutation]
  2547 | D:2      | Gained mutation: You have a pair of small antennae on your head. [potion of mutation]
  2818 | D:3      | Noticed Natasha
  2824 | D:3      | Killed Natasha
  2824 | D:3      | Reached XP level 5. HP: 25/25 MP: 4/14
  2830 | D:3      | Noticed Natasha
  2909 | D:3      | Killed Natasha
  2962 | D:3      | Noticed Natasha
  2970 | D:3      | Killed Natasha
  3253 | D:3      | Noticed Grinder
  3257 | D:3      | Noticed Robin
  3273 | D:3      | Reached skill level 6 in Spellcasting
  3358 | D:3      | HP: 1/25 [Grinder (14)]
  3358 | D:3      | Slain by Grinder

Vault maps used:
D:1:      dpeg_arrival_tiny_b, grunt_decor_cap
D:3:      first_bread, uniq_natasha, uniq_iyjb, uniq_crazy_yiuf_cottage,
          uniq_robin, uniq_grinder

Skill      XL: |  1  2  3  4  5 |
---------------+----------------+-----
Spellcasting   | 4 5 6 |  6.2
Conjurations   | 2 3 |  3.1
Fire Magic     | 4 |  4.7
Dodging        | |  2.4
Stealth        | |  2.4

Action                   |  1- 3 |  4- 6 || total
-------------------------+-------+-------++-------
Melee: Dagger            |    24 |    27 ||    51
 Cast: Flame Tongue      |    65 |    44 ||   109
       Throw Flame       |     1 |    15 ||    16
       Sticky Flame      |       |     2 ||     2
       Conjure Flame     |       |     1 ||     1
  Use: Scroll            |     4 |     2 ||     6
       Potion            |       |     5 ||     5
 Stab: Sleeping          |     4 |     1 ||     5
  Eat: Chunk             |     2 |     1 ||     3
       Bread ration      |     1 |       ||     1
Armor: Robe              |    12 |     2 ||    14
Dodge: Dodged            |    28 |    39 ||    67
